[Event "ICCopen2017"]
[Site "Internet Chess Club"]
[Date "2017.03.19"]
[Round "6"]
[White "ontheprowl"]
[Black "gijoe2009"]
[Result "1-0"]
[ICCResult "Black forfeits on time"]
[WhiteElo "1562"]
[BlackElo "1828"]
[Opening "Ruy Lopez: Berlin defense, Nyholm attack"]
[ECO "C65"]
[NIC "RL.07"]
[Time "20:13:30"]
[TimeControl "180+0"]

1. e4 e5 2. Nf3 Nc6 3. Bb5 Nf6 4. d4 exd4 5. O-O a6 6. Ba4 b5 7. Bb3 d6 8.
Re1 Be7 9. e5 dxe5 10. Nxe5 Nxe5 11. Rxe5 O-O 12. a4 Bd6 13. Re1 Bb7 14. Bg5
h6 15. Bh4 c5 16. c4 b4 17. Nd2 Bc7 18. Nf3 Qd6 19. Bg3 Qd7 20. Ne5 Bxe5 21.
Bxe5 Qc6 22. f3 Nd7 23. Bg3 Rfe8 24. Qd3 g6 25. Bc2 Kg7 26. h4 h5 27. Rxe8
Rxe8 28. Re1 Rxe1+ 29. Bxe1 Qe6 30. Bg3 Nf6 31. Kf2 Ng8 32. Qe2 Qxe2+ 33.
Kxe2 Nf6 34. Bd6 Nd7 35. Be4 Bxe4 36. fxe4 Kf6 37. e5+ Ke6 38. Kd3 f6 39.
Bf8 fxe5 40. Bh6 Kf5 41. Bd2 e4+ 42. Ke2 Ne5 43. Bh6 Ng4 44. Bf8 e3 45. Bxc5
Ke4 46. Bxb4 d3+ 47. Ke1 d2+ 48. Bxd2 Kd3 49. Bxe3 Kxe3 50. c5 Kd4 51. c6
Ne5 52. c7 {Black forfeits on time} 1-0

[Event "ICCopen2017"]
[Site "Internet Chess Club"]
[Date "2017.03.19"]
[Round "6"]
[White "rjohnson812"]
[Black "YHWH"]
[Result "1-0"]
[ICCResult "Black forfeits on time"]
[WhiteElo "1417"]
[BlackElo "1437"]
[Opening "QGD: Marshall defense"]
[ECO "A50"]
[NIC "QP.07"]
[Time "20:13:13"]
[TimeControl "180+0"]

1. d4 Nf6 2. c4 d5 3. cxd5 Nxd5 4. e4 Nf6 5. Nc3 Bg4 6. f3 Bh5 7. Bb5+ c6 8.
Ba4 e6 9. Nge2 Bb4 10. O-O O-O 11. a3 Bxc3 12. bxc3 Nbd7 13. Rb1 Nb6 14. Bc2
Rb8 15. a4 a6 16. Nf4 Bg6 17. Be3 Nc4 18. Bf2 Na3 19. Rb3 Nxc2 20. Qxc2 Qc7
21. Nxg6 hxg6 22. Rfb1 Rfd8 23. Qa2 Nh5 24. g3 Nf6 25. a5 Ne8 26. Rb6 Nd6
27. c4 Nc8 28. R6b2 Nd6 29. d5 exd5 30. cxd5 cxd5 31. Bb6 Qc3 32. Bxd8 Rxd8
33. Qxd5 Qxf3 34. Rf2 Qe3 35. Rf1 Kf8 36. e5 {Black forfeits on time} 1-0

[Event "ICCopen2017"]
[Site "Internet Chess Club"]
[Date "2017.03.19"]
[Round "6"]
[White "ALexiz"]
[Black "blackjack721"]
[Result "1-0"]
[ICCResult "Black forfeits on time"]
[WhiteElo "1678"]
[BlackElo "1378"]
[Opening "Queen's pawn, Mason variation"]
[ECO "D00"]
[NIC "QP.08"]
[Time "20:13:40"]
[TimeControl "180+0"]

1. d4 d5 2. Bf4 Bf5 3. e3 e6 4. Nf3 Nd7 5. c3 c6 6. Nbd2 Qb6 7. Qb3 Be7 8.
Be2 Ngf6 9. Nh4 Ne4 10. Nxf5 exf5 11. Nxe4 fxe4 12. Bg4 Qa6 13. O-O-O Nb6
14. Be5 f6 15. Bg3 Nc4 16. Be2 O-O 17. Bxc4 dxc4 18. Qc2 f5 19. Qb1 b5 20.
a3 Qa4 21. Be5 a5 22. Qc2 Qb3 23. Qxb3 cxb3 24. Rdg1 b4 25. axb4 axb4 26. g4
bxc3 27. bxc3 Ra1+ 28. Kb2 Rxg1 29. Rxg1 f4 30. Bxf4 c5 31. Kxb3 cxd4 32.
cxd4 Rf6 33. Kc4 Rc6+ 34. Kd5 Rc2 35. Kxe4 Rxf2 36. d5 Ra2 37. d6 Bf6 38. d7
Kf7 39. Bc7 Ra4+ 40. Kd5 Ra3 41. Kc6 Rc3+ 42. Kb7 Bd8 43. Bxd8 Ke6 44. Rd1
Rxe3 45. Bb6 Rb3 46. d8=Q Ke5 47. Qd5+ {Black forfeits on time} 1-0

[Event "ICCopen2017"]
[Site "Internet Chess Club"]
[Date "2017.03.19"]
[Round "6"]
[White "penguingm1"]
[Black "Shadeath"]
[Result "1-0"]
[ICCResult "Black checkmated"]
[WhiteElo "2861"]
[BlackElo "2878"]
[Opening "Queen's pawn, Mason variation"]
[ECO "D00"]
[NIC "QP.08"]
[Time "20:13:12"]
[TimeControl "180+0"]

1. d4 d5 2. Bf4 Nf6 3. e3 Bg4 4. Nf3 e6 5. c4 Bxf3 6. gxf3 Bd6 7. Bg3 b6 8.
Nc3 c6 9. cxd5 exd5 10. Bd3 O-O 11. Qc2 Re8 12. O-O-O Bf8 13. Be5 Nbd7 14.
f4 c5 15. Ba6 cxd4 16. exd4 Ne4 17. Nxe4 dxe4 18. Bb7 Rb8 19. Bxb8 Qxb8 20.
Bc6 Rc8 21. Kb1 Nf6 22. d5 Qxf4 23. h3 g6 24. Rhe1 Qd6 25. a3 Bg7 26. Qb3 h5
27. Re2 Kh7 28. Ka2 Qd8 29. f3 exf3 30. Qxf3 Rxc6 31. dxc6 Qxd1 32. c7 Qd7
33. Qb7 Qd3 34. c8=Q Qxe2 35. Qxf7 Nd7 36. Qcg8+ Kh6 37. Qgxg7+ Kg5 38.
Qfxg6+ Kh4 39. Qg3# {Black checkmated} 1-0

[Event "ICCopen2017"]
[Site "Internet Chess Club"]
[Date "2017.03.19"]
[Round "6"]
[White "Voltage"]
[Black "Federicov"]
[Result "0-1"]
[ICCResult "White resigns"]
[WhiteElo "2377"]
[BlackElo "3079"]
[Opening "King's Indian: orthodox, Donner variation"]
[ECO "E94"]
[NIC "KI.15"]
[Time "20:14:30"]
[TimeControl "180+0"]

1. d4 d6 2. Nf3 g6 3. c4 Bg7 4. Nc3 Nf6 5. e4 O-O 6. Be2 e5 7. O-O c6 8. Bg5
h6 9. Bh4 g5 10. Bg3 Nh5 11. dxe5 Nxg3 12. hxg3 dxe5 13. Qxd8 Rxd8 14. Rfd1
Nd7 15. b4 Re8 16. Nd2 a5 17. a3 Nf8 18. c5 Be6 19. Nc4 Nd7 20. Nd6 Reb8 21.
Bc4 Nf8 22. Bxe6 Nxe6 23. Ne2 b6 24. cxb6 axb4 25. axb4 Rxa1 26. Rxa1 Rxb6
27. Ra8+ Bf8 28. Nf5 h5 29. f3 Rxb4 30. Ne7+ Kg7 31. Nxc6 Rb2 32. Kf1 Rb1+
33. Kf2 Bc5+ {White resigns} 0-1

[Event "ICCopen2017"]
[Site "Internet Chess Club"]
[Date "2017.03.19"]
[Round "6"]
[White "bythebook"]
[Black "SPARNALIQ"]
[Result "0-1"]
[ICCResult "White forfeits on time"]
[WhiteElo "1597"]
[BlackElo "2918"]
[Opening "Ruy Lopez: Berlin defense, open variation"]
[ECO "C67"]
[NIC "RL.07"]
[Time "20:14:16"]
[TimeControl "180+0"]

1. e4 e5 2. Nf3 Nc6 3. Bb5 Nf6 4. O-O Nxe4 5. Re1 Nd6 6. Nxe5 Nxe5 7. Rxe5+
Be7 8. Bf1 O-O 9. d4 Bf6 10. Re1 Nf5 11. c3 d5 12. Bd3 Re8 13. Bf4 Rxe1+ 14.
Qxe1 c6 15. Nd2 Be6 16. Nf3 Nd6 17. Be5 Bg4 18. Bxf6 Qxf6 19. Ne5 Bf5 20.
Bf1 Re8 21. f3 h5 22. Qg3 h4 23. Qf4 g5 24. Qd2 Kg7 25. Re1 Re7 26. Bd3 Bxd3
27. Nxd3 Nc4 28. Qc1 b6 29. b3 Nd6 30. Ne5 Nf5 31. Ng4 Rxe1+ 32. Qxe1 Qe7
33. Qxe7 Nxe7 34. Kf2 f6 35. g3 hxg3+ 36. hxg3 Kf7 37. f4 gxf4 38. gxf4 Ke6
39. Kf3 Nf5 40. Ne3 Nd6 41. c4 dxc4 42. bxc4 c5 43. d5+ Kd7 44. f5 a6 45.
Ke2 b5 {White forfeits on time} 0-1

[Event "ICCopen2017"]
[Site "Internet Chess Club"]
[Date "2017.03.19"]
[Round "6"]
[White "Falstaf"]
[Black "Trentosk"]
[Result "1-0"]
[ICCResult "Black resigns"]
[WhiteElo "2966"]
[BlackElo "2549"]
[Opening "Giuoco Pianissimo"]
[ECO "C50"]
[NIC "IG.02"]
[Time "20:13:34"]
[TimeControl "180+0"]

1. e4 e5 2. Nf3 Nc6 3. Bc4 Bc5 4. d3 Nf6 5. c3 O-O 6. Bg5 h6 7. Bh4 Be7 8.
Nbd2 d6 9. Bg3 Nh5 10. Nxe5 Nxe5 11. Bxe5 dxe5 12. Qxh5 c6 13. Qe2 b5 14.
Bb3 a5 15. a3 Ba6 16. O-O Qd6 17. Rfd1 Rad8 18. Nf3 Qb8 19. d4 exd4 20. cxd4
Bb7 21. Rac1 Bd6 22. e5 Bc7 23. e6 fxe6 24. Qxe6+ Kh8 25. Bc2 Rd6 26. Qe4 g6
27. Ne5 Rff6 28. Qg4 Kg7 29. h3 Bc8 30. Qe2 Rde6 31. Re1 c5 32. Qd3 cxd4 33.
Nf3 Rxe1+ 34. Rxe1 Bf5 35. Qd2 d3 36. Bxd3 Rd6 37. Qc3+ Kf7 38. Bxf5 gxf5
39. Ne5+ Kg8 40. Qb3+ Kh7 41. Qf7+ Kh8 42. Ng6+ Rxg6 43. Qxg6 Bh2+ 44. Kh1
Be5 45. Qxh6+ Kg8 46. Qe6+ {Black resigns} 1-0

[Event "ICCopen2017"]
[Site "Internet Chess Club"]
[Date "2017.03.19"]
[Round "6"]
[White "KRASAVCHIK"]
[Black "K-Georgiev"]
[Result "1-0"]
[ICCResult "Black resigns"]
[WhiteElo "3322"]
[BlackElo "2973"]
[Opening "Sicilian: Kan, 5.Nc3"]
[ECO "B43"]
[NIC "SI.43"]
[Time "20:13:32"]
[TimeControl "180+0"]

1. e4 c5 2. Nf3 e6 3. Nc3 a6 4. d4 cxd4 5. Nxd4 Qc7 6. Bd3 Nf6 7. O-O Nc6 8.
Be3 Bd6 9. Kh1 Bf4 10. Qd2 Bxe3 11. Qxe3 Ng4 12. Qh3 Nxf2+ 13. Rxf2 Nxd4 14.
Raf1 f6 15. Ne2 Nxe2 16. Qh5+ Ke7 17. Qxe2 h5 18. e5 Qxe5 19. Qxe5 fxe5 20.
Rf7+ Kd6 21. Rxg7 b5 22. Rd1 Kc5 23. Rg5 d6 24. Be4 Ra7 25. c3 a5 26. h4 Rf7
27. b4+ axb4 28. cxb4+ Kxb4 29. Rxd6 Rf4 30. Rxe5 Rxh4+ 31. Kg1 Rf4 32. Bd3
Rc4 33. Bxc4 bxc4 34. Rc6 Bd7 35. Rc7 Ba4 36. Rec5 Bb5 37. a3+ Ka4 38. Ra7+
Kb3 39. Rxb5+ Kc3 40. Rc7 Ra8 41. Rb4 Rxa3 42. Rbxc4+ Kd3 43. Rh4 Ke3 44.
Rxh5 {Black resigns} 1-0

[Event "ICCopen2017"]
[Site "Internet Chess Club"]
[Date "2017.03.19"]
[Round "6"]
[White "Westman"]
[Black "KnightWalker"]
[Result "1/2-1/2"]
[ICCResult "White stalemated"]
[WhiteElo "1360"]
[BlackElo "1410"]
[Opening "Sicilian"]
[ECO "B54"]
[NIC "SI.01"]
[Time "20:13:30"]
[TimeControl "180+0"]

1. e4 c5 2. Nf3 d6 3. d4 cxd4 4. Nxd4 Nc6 5. c4 Nf6 6. Nc3 Bg4 7. f3 Bd7 8.
b3 e6 9. Be3 a6 10. Be2 Be7 11. O-O O-O 12. Kh1 Rc8 13. g4 Ne8 14. Qd2 Nxd4
15. Bxd4 Bg5 16. f4 Be7 17. g5 f6 18. h4 e5 19. Be3 Be6 20. f5 Bf7 21. h5
fxg5 22. Rg1 h6 23. Raf1 Bf6 24. Nd5 Bxd5 25. exd5 Nc7 26. Bg4 b5 27. Rc1
Qd7 28. Bb6 bxc4 29. bxc4 Na8 30. Ba5 Rb8 31. a3 Bd8 32. Bb4 Bf6 33. c5 dxc5
34. Bxc5 Nc7 35. d6 Nb5 36. Qd5+ Kh8 37. Qe6 Rbd8 38. Bb6 Qxe6 39. fxe6 Rxd6
40. Bf5 Rxb6 41. Rgd1 Nd4 42. Rxd4 exd4 43. Rc7 Be5 44. Bg6 Bxc7 45. e7 Rg8
46. Bf7 Rgb8 47. e8=Q+ Rxe8 48. Bxe8 Bd6 49. a4 Rb1+ 50. Kg2 d3 51. Kf2 Bf4
52. Bg6 Ra1 53. Bxd3 Rxa4 54. Kf3 a5 55. Bc2 Rb4 56. Ke2 Rb2 57. Kd3 Rxc2
58. Kxc2 g4 59. Kd3 g3 60. Ke2 Bc7 61. Kf3 a4 62. Ke2 a3 63. Kf3 a2 64. Ke2
a1=Q 65. Ke3 Qf6 66. Kd3 g2 67. Kc4 g1=Q 68. Kd3 Qe1 69. Kc4 Qd6 70. Kb3 Qc1
71. Ka4 Qb6 {White stalemated} 1/2-1/2

[Event "ICCopen2017"]
[Site "Internet Chess Club"]
[Date "2017.03.19"]
[Round "6"]
[White "colombier"]
[Black "bugsino"]
[Result "0-1"]
[ICCResult "White resigns"]
[WhiteElo "1384"]
[BlackElo "1708"]
[Opening "Sicilian defense"]
[ECO "B34"]
[NIC "SI.34"]
[Time "20:14:11"]
[TimeControl "180+0"]

1. e4 c5 2. Nf3 Nc6 3. d4 cxd4 4. Nxd4 Nf6 5. Nc3 g6 6. Be3 Bg7 7. Be2 O-O
8. Qd2 d5 9. Nxc6 bxc6 10. exd5 Nxd5 11. Nxd5 cxd5 12. Bd4 e5 13. Be3 d4 14.
Bh6 Rb8 15. Bxg7 Kxg7 16. b3 Be6 17. O-O Qf6 18. Bf3 Rfd8 19. Rae1 Bd5 20.
Bxd5 Rxd5 21. Re4 Rc8 22. f4 Qf5 23. Rfe1 exf4 24. c4 dxc3 25. Qxf4 Qxf4 26.
Rxf4 c2 27. Rff1 Rdc5 28. Rc1 Rd8 29. Kf2 Rd2+ 30. Kg1 Rg5 31. g3 Re5 32. a4
Ree2 {White resigns} 0-1

[Event "ICCopen2017"]
[Site "Internet Chess Club"]
[Date "2017.03.19"]
[Round "6"]
[White "Littlejack1"]
[Black "Chisel"]
[Result "0-1"]
[ICCResult "White checkmated"]
[WhiteElo "1382"]
[BlackElo "1732"]
[Opening "Ruy Lopez: modern Steinitz defense, 5.O-O"]
[ECO "C72"]
[NIC "RL.10"]
[Time "20:14:46"]
[TimeControl "180+0"]

1. e4 e5 2. Nf3 Nc6 3. Bb5 a6 4. Ba4 d6 5. O-O Bd7 6. d3 Nge7 7. c3 Ng6 8.
Bc2 Be7 9. Re1 h6 10. h3 Bg5 11. Nxg5 hxg5 12. d4 f6 13. Be3 Nf4 14. Bxf4
gxf4 15. Bb3 Qe7 16. d5 Nb8 17. Ba4 Bxa4 18. Qxa4+ Nd7 19. Qb4 O-O-O 20. a4
f3 21. Nd2 fxg2 22. Kxg2 Nc5 23. Nb3 Nd3 24. Qc4 Nf4+ 25. Kf1 Rxh3 26. Kg1
Rdh8 27. f3 Rh2 28. Nd2 Rg2+ 29. Kf1 Rh1# {White checkmated} 0-1

[Event "ICCopen2017"]
[Site "Internet Chess Club"]
[Date "2017.03.19"]
[Round "6"]
[White "carpedef"]
[Black "pabrazilian"]
[Result "1-0"]
[ICCResult "Black resigns"]
[WhiteElo "1726"]
[BlackElo "1421"]
[Opening "Lengfellner system"]
[ECO "B07"]
[NIC "VO.17"]
[Time "20:13:37"]
[TimeControl "180+0"]

1. e4 d6 2. d4 e6 3. f4 Be7 4. Nf3 Nf6 5. Bd3 O-O 6. O-O Nbd7 7. Kh1 a6 8.
c3 Re8 9. e5 Nd5 10. Qe1 g6 11. a3 f5 12. exf6 N7xf6 13. Ng5 Bf8 14. c4 Nb6
15. Nc3 e5 16. fxe5 dxe5 17. d5 Bg7 18. Nce4 Nxe4 19. Nxe4 Bf5 20. Bg5 Qd7
21. Qe2 Rf8 22. Rae1 Rae8 23. b4 Nc8 24. Nc5 Bxd3 25. Qxd3 Rxf1+ 26. Rxf1
Qg4 27. Ne4 Nd6 28. Nxd6 cxd6 29. Bd2 e4 30. Qe3 Be5 31. h3 Qh4 32. Be1 Qg5
33. Qxg5 Kg7 34. h4 h6 35. Qg4 Re7 36. Qxe4 Rf7 37. Rxf7+ Kxf7 38. g4 Kg7
39. h5 gxh5 40. gxh5 Kf7 41. Qg6+ Ke7 42. Bh4+ {Black resigns} 1-0

[Event "ICCopen2017"]
[Site "Internet Chess Club"]
[Date "2017.03.19"]
[Round "6"]
[White "Svinotigr"]
[Black "jcgs1030"]
[Result "1/2-1/2"]
[ICCResult "Game drawn by repetition"]
[WhiteElo "1689"]
[BlackElo "1956"]
[Opening "Réti opening"]
[ECO "A04"]
[NIC "QP.10"]
[Time "20:13:40"]
[TimeControl "180+0"]

1. Nf3 c5 2. d3 Nf6 3. Nbd2 g6 4. e4 Bg7 5. Qe2 O-O 6. g3 d5 7. Bg2 Nc6 8.
h4 Bg4 9. c3 Qc7 10. O-O Rad8 11. Re1 e5 12. Nf1 dxe4 13. dxe4 b6 14. N1h2
Bh5 15. Bg5 Bxf3 16. Bxf3 h6 17. Be3 Rfe8 18. Rad1 Kh7 19. Rxd8 Rxd8 20. Rd1
Na5 21. b3 Nb7 22. Ng4 Nxg4 23. Bxg4 Rxd1+ 24. Qxd1 Qd6 25. Qxd6 Nxd6 26. f3
f5 27. exf5 Nxf5 28. Bf2 h5 29. Bh3 Bh6 30. Bf1 Bd2 31. c4 Be3 32. Bd3 Bxf2+
33. Kxf2 Kg7 34. Bxf5 gxf5 35. Ke3 Kf6 36. a4 Ke6 37. Kd3 Kd6 38. Ke3 Ke6
39. Kd3 Kd6 40. Ke3 Ke6 {Game drawn by repetition} 1/2-1/2

[Event "ICCopen2017"]
[Site "Internet Chess Club"]
[Date "2017.03.19"]
[Round "6"]
[White "MATEPROOF"]
[Black "Kronus"]
[Result "1-0"]
[ICCResult "Black checkmated"]
[WhiteElo "1933"]
[BlackElo "1563"]
[Opening "Réti opening"]
[ECO "A04"]
[NIC "QP.11"]
[Time "20:13:18"]
[TimeControl "180+0"]

1. Nf3 d6 2. d4 f5 3. c4 e6 4. g3 Nf6 5. Bg2 h6 6. Nh4 g5 7. Ng6 Rg8 8. Nxf8
Rxf8 9. h4 Ne4 10. hxg5 hxg5 11. Bxe4 fxe4 12. e3 Qf6 13. Qh5+ Kd8 14. Rh2
Nc6 15. Nc3 Qf5 16. Bd2 Nb4 17. O-O-O Nd3+ 18. Kb1 a5 19. Qh6 Bd7 20. Nxe4
Ke7 21. Qh7+ Qxh7 22. Rxh7+ Rf7 23. Rxf7+ Kxf7 24. Nxg5+ Ke7 25. f4 Rf8 26.
Bxa5 Nf2 27. Rf1 Ng4 28. Bd2 e5 29. Rh1 exf4 30. gxf4 Kd8 31. a3 Nf2 32. Rh7
Nd3 33. Ka2 c6 34. b4 b5 35. cxb5 cxb5 36. Kb3 Nf2 37. d5 Ng4 38. Ne6+ Bxe6
39. dxe6 Nf6 40. e7+ Ke8 41. exf8=Q+ Kxf8 42. Rb7 Ne4 43. Bc1 d5 44. Rxb5
Nd6 45. Rxd5 Ke7 46. Rxd6 Kxd6 47. e4 Ke6 48. Bb2 Ke7 49. f5 Kf7 50. e5 Kf8
51. e6 Ke7 52. Be5 Ke8 53. f6 Kf8 54. Bd6+ Ke8 55. f7+ Kd8 56. f8=Q#
{Black checkmated}
1-0

[Event "ICCopen2017"]
[Site "Internet Chess Club"]
[Date "2017.03.19"]
[Round "6"]
[White "zhuzhenghai008"]
[Black "bennywins"]
[Result "1-0"]
[ICCResult "Black checkmated"]
[WhiteElo "1795"]
[BlackElo "1473"]
[Opening "Benoni defense, Hromodka system"]
[ECO "A56"]
[NIC "BI.38"]
[Time "20:14:28"]
[TimeControl "180+0"]

1. d4 Nf6 2. c4 c5 3. d5 d6 4. Nc3 g6 5. g3 Bg7 6. Bg2 Kf8 7. Nf3 Nbd7 8.
O-O a6 9. h3 h5 10. e4 Bh6 11. Bxh6+ Rxh6 12. Qe2 Kg7 13. Rfe1 Ne5 14. Nd2
h4 15. f4 Ned7 16. g4 Ne8 17. e5 Qb6 18. Rab1 dxe5 19. fxe5 e6 20. Rf1 exd5
21. cxd5 c4+ 22. Rf2 Qc7 23. d6 Qc5 24. Nxc4 Rb8 25. Rf1 f6 26. e6 Ne5 27.
Nxe5 fxe5 28. Ne4 Qd5 29. Rf7+ Kg8 30. Rf8+ Kh7 31. R1f7+ Ng7 32. Nf6#
{Black checkmated}
1-0

[Event "ICCopen2017"]
[Site "Internet Chess Club"]
[Date "2017.03.19"]
[Round "6"]
[White "manitodeplomo"]
[Black "Kusox"]
[Result "1-0"]
[ICCResult "Black resigns"]
[WhiteElo "2558"]
[BlackElo "2110"]
[Opening "QGD: 4.Nf3"]
[ECO "D37"]
[NIC "QP.09"]
[Time "20:14:03"]
[TimeControl "180+0"]

1. Nf3 d5 2. c4 e6 3. d4 Nf6 4. Nc3 Be7 5. Bg5 h6 6. Bxf6 Bxf6 7. Qc2 c6 8.
O-O-O b6 9. e4 dxe4 10. Nxe4 Bb7 11. Kb1 Na6 12. c5 O-O 13. h4 Nb4 14. Qd2
bxc5 15. Nxc5 Qb6 16. Nd7 Qc7 17. Nxf6+ gxf6 18. Qxb4 Rfb8 19. Qd2 c5 20.
Bd3 c4 21. Bc2 c3 22. Qxh6 Be4 23. Bxe4 Rxb2+ 24. Kc1 f5 25. Rh3 fxe4 26.
Rg3+ Qxg3 27. fxg3 exf3 28. Qg5+ Kf8 29. Qc5+ Kg8 30. Qxc3 Rxa2 31. gxf3 Rb8
32. d5 exd5 33. Rxd5 Rg2 34. Rg5+ Kf8 35. Qh8+ Ke7 36. Qxb8 {Black resigns}
1-0

[Event "ICCopen2017"]
[Site "Internet Chess Club"]
[Date "2017.03.19"]
[Round "6"]
[White "BestMate"]
[Black "RobbieWilliams"]
[Result "0-1"]
[ICCResult "White checkmated"]
[WhiteElo "2088"]
[BlackElo "1852"]
[Opening "Levitsky attack (Queen's bishop attack)"]
[ECO "D00"]
[NIC "QP.08"]
[Time "20:13:37"]
[TimeControl "180+0"]

1. d4 d5 2. Bg5 h6 3. Bh4 Nd7 4. Nd2 Ngf6 5. e3 e6 6. Ngf3 Bd6 7. Bd3 c6 8.
O-O Qc7 9. c4 g5 10. Bg3 Bxg3 11. hxg3 e5 12. e4 O-O 13. exd5 cxd5 14. cxd5
Nxd5 15. Rc1 Qd6 16. dxe5 Nxe5 17. Nxe5 Qxe5 18. Nc4 Qf6 19. Bb1 Nb4 20. a3
Nc6 21. Qd3 Qg7 22. Rfe1 Be6 23. Qc3 Nd4 24. Ne5 Rfd8 25. Rcd1 Ne2+ 26. Rxe2
Rxd1+ 27. Kh2 Rxb1 28. Qc7 Rc8 29. Qxb7 Rcc1 30. g4 h5 31. Kg3 h4+ 32. Kf3
Qf6+ 33. Ke3 Qxe5+ 34. Kd2 Qf4+ 35. Kd3 Bxg4 36. Re8+ Kg7 37. Qb4 Bf5+ 38.
Re4 Bxe4+ 39. Qxe4 Rd1+ 40. Kc3 Qxe4 41. Kb3 Qd5+ 42. Ka4 Rxb2 43. f4 Rd4#
{White checkmated}
0-1

[Event "ICCopen2017"]
[Site "Internet Chess Club"]
[Date "2017.03.19"]
[Round "6"]
[White "shirovinster"]
[Black "Theunrock"]
[Result "1-0"]
[ICCResult "Black forfeits on time"]
[WhiteElo "1651"]
[BlackElo "1685"]
[Opening "Giuoco Pianissimo"]
[ECO "C55"]
[NIC "IG.01"]
[Time "20:13:38"]
[TimeControl "180+0"]

1. e4 e5 2. Nf3 Nc6 3. Bc4 Nf6 4. d3 Bc5 5. c3 Bb6 6. O-O Qe7 7. Bb3 h6 8.
Nbd2 d6 9. Nc4 O-O 10. Nxb6 axb6 11. Be3 Kh8 12. Qd2 Ng8 13. Rfe1 f5 14.
exf5 Bxf5 15. d4 e4 16. d5 exf3 17. dxc6 bxc6 18. Bxh6 Qh4 19. Bf4 fxg2 20.
Bg3 Qh5 21. Re3 Ra5 22. Rae1 Bd7 23. Bd1 Qg6 24. b4 Rg5 25. Bf3 d5 26. Bxg2
Nh6 27. f4 Rgf5 28. Rf1 Ng4 29. Re2 R5f7 30. Qe1 Nf6 31. Kh1 Bg4 32. Bf3 Ne4
33. Bxg4 Qxg4 34. Rxe4 dxe4 35. Qxe4 Rf6 36. Qf3 {Black forfeits on time}
1-0

[Event "ICCopen2017"]
[Site "Internet Chess Club"]
[Date "2017.03.19"]
[Round "6"]
[White "Balderdash"]
[Black "BillietheKid"]
[Result "0-1"]
[ICCResult "White checkmated"]
[WhiteElo "1089"]
[BlackElo "1373"]
[Opening "French: exchange variation"]
[ECO "C01"]
[NIC "FR.01"]
[Time "20:14:16"]
[TimeControl "180+0"]

1. e4 e6 2. d4 d5 3. exd5 exd5 4. Bf4 Nf6 5. f3 Be7 6. Bd3 O-O 7. Nh3 Re8 8.
Nd2 Bxh3 9. gxh3 Bd6+ 10. Kf2 Bxf4 11. Nb3 Nc6 12. Nc5 Be3+ 13. Kg2 Bxd4 14.
c3 Bxc5 15. Qd2 Nh5 16. b4 Be3 17. Qc2 Qg5+ 18. Kf1 Nf6 19. Re1 Ne5 20. Re2
Nxd3 21. Rg2 Qf5 22. Rg3 Nh5 23. Qg2 Nxg3+ 24. Qxg3 Re6 25. h4 Rae8 26. h3
Bf4 27. Qg4 Re1+ 28. Kg2 R8e2# {White checkmated} 0-1

[Event "ICCopen2017"]
[Site "Internet Chess Club"]
[Date "2017.03.19"]
[Round "6"]
[White "geilgambler"]
[Black "blunder23"]
[Result "1-0"]
[ICCResult "Black forfeits on time"]
[WhiteElo "1777"]
[BlackElo "1439"]
[Opening "Queen's pawn: Chigorin variation"]
[ECO "D00"]
[NIC "QP.08"]
[Time "20:13:17"]
[TimeControl "180+0"]

1. d4 d5 2. Nc3 c6 3. Bf4 Nf6 4. Nf3 e6 5. e3 Bd6 6. Bg3 O-O 7. Bd3 Nbd7 8.
e4 dxe4 9. Nxe4 Bxg3 10. hxg3 Nxe4 11. Bxe4 f5 12. Bd3 Nf6 13. Qe2 b5 14.
Kf1 Qe7 15. c3 Bd7 16. Ne5 Be8 17. Re1 Nd7 18. Nxc6 Qd6 19. Qxe6+ Qxe6 20.
Rxe6 Bf7 21. Re7 Nf6 22. Bxf5 g6 23. Bd3 Rfe8 24. Rxa7 Rxa7 25. Nxa7 Bd5 26.
a3 Re7 27. Nxb5 Rb7 28. a4 Bb3 29. Nd6 Rb6 30. Bc4+ Bxc4+ 31. Nxc4 Ne4 32.
Nxb6 Nd2+ 33. Ke2 Nb3 34. Kd3 Na5 35. b4 Nc6 36. a5 Kf7 37. Re1 Ne7 38.
Rxe7+ Kxe7 39. a6 Kd6 40. a7 Kc7 41. a8=Q Kxb6 42. Qd5 Kc7 43. b5 Kb6 44.
Qc6+ Ka7 45. b6+ {Black forfeits on time} 1-0

[Event "ICCopen2017"]
[Site "Internet Chess Club"]
[Date "2017.03.19"]
[Round "6"]
[White "lion100"]
[Black "CadiZKilleR"]
[Result "0-1"]
[ICCResult "White resigns"]
[WhiteElo "1395"]
[BlackElo "1547"]
[Opening "Scandinavian defense"]
[ECO "B01"]
[NIC "SD.03"]
[Time "20:14:25"]
[TimeControl "180+0"]

1. e4 d5 2. exd5 Nf6 3. d4 Bg4 4. Nf3 Qxd5 5. Be2 Nc6 6. Nc3 Qh5 7. Be3
O-O-O 8. O-O e6 9. Ne1 Bd6 10. Nf3 Bxf3 11. g3 Ng4 12. h4 Nxe3 13. fxe3 Bxe2
14. Nxe2 g5 15. c4 gxh4 16. Rf4 Bxf4 17. Nxf4 Qxd1+ 18. Rxd1 hxg3 19. Kg2
Rdg8 20. d5 exd5 21. cxd5 Ne7 22. d6 cxd6 23. Rxd6 Nf5 24. Rd5 Nxe3+
{White resigns}
0-1

[Event "ICCopen2017"]
[Site "Internet Chess Club"]
[Date "2017.03.19"]
[Round "6"]
[White "searchforbobby1"]
[Black "Lzmann"]
[Result "1-0"]
[ICCResult "Black checkmated"]
[WhiteElo "1974"]
[BlackElo "1663"]
[Opening "French: Winawer, advance, Bogolyubov variation"]
[ECO "C17"]
[NIC "FR.10"]
[Time "20:14:06"]
[TimeControl "180+0"]

1. e4 e6 2. d4 d5 3. Nc3 Bb4 4. e5 c5 5. Bd2 a6 6. Qg4 Ne7 7. dxc5 Nbc6 8.
Nf3 Nf5 9. Bd3 h5 10. Qf4 d4 11. Ne4 Bxd2+ 12. Nfxd2 Nb4 13. Nd6+ Nxd6 14.
cxd6 Nxd3+ 15. cxd3 Bd7 16. Qxd4 Bc6 17. O-O O-O 18. f4 g6 19. Ne4 Qh4 20.
Rf3 f5 21. Rh3 Qxf4 22. Rf1 Qh6 23. Nf6+ Kh8 24. b3 Qg5 25. Rg3 Qh6 26. Qh4
Rad8 27. Rg5 Kg7 28. Nxh5+ Kh8 29. Qg3 Rd7 30. Nf6 Rg7 31. Rf4 Qxg5 32. Qxg5
Rxf6 33. Qxf6 Kg8 34. Qxe6+ Kf8 35. Qf6+ Rf7 36. Qh8# {Black checkmated} 1-0

[Event "ICCopen2017"]
[Site "Internet Chess Club"]
[Date "2017.03.19"]
[Round "6"]
[White "GolfPro"]
[Black "GYMEJR"]
[Result "1/2-1/2"]
[ICCResult "Game drawn by repetition"]
[WhiteElo "1816"]
[BlackElo "1572"]
[Opening "English opening"]
[ECO "A21"]
[NIC "EO.23"]
[Time "20:14:17"]
[TimeControl "180+0"]

1. c4 e5 2. Nc3 Bc5 3. Nf3 d6 4. d3 Nc6 5. a3 a5 6. e3 Bg4 7. Be2 f5 8. Rb1
Nf6 9. h3 Bxf3 10. Bxf3 O-O 11. Nd5 Nxd5 12. Bxd5+ Kh8 13. Bxc6 bxc6 14. b4
axb4 15. axb4 Bb6 16. O-O Qf6 17. Bb2 Qg6 18. Qf3 c5 19. b5 Ra2 20. Bc3 h6
21. Rb2 Rfa8 22. Rfb1 Kh7 23. Qe2 Rxb2 24. Qxb2 f4 25. d4 f3 26. g3 Qf5 27.
Kh2 Qe4 28. dxe5 Qxc4 29. exd6 cxd6 30. Bxg7 Ra2 31. Qf6 Rxf2+ 32. Kg1 Rg2+
33. Kh1 Qe2 34. Qxh6+ Kg8 35. Qh8+ Kf7 36. Qf8+ Kg6 37. Qf6+ Kh7 38. Qh6+
Kg8 39. Qh8+ Kf7 40. Qf8+ Kg6 41. Qf6+ Kh7 42. Qh6+ {Game drawn by
repetition} 1/2-1/2

[Event "ICCopen2017"]
[Site "Internet Chess Club"]
[Date "2017.03.19"]
[Round "6"]
[White "Buscapina"]
[Black "devotional"]
[Result "1-0"]
[ICCResult "Black forfeits on time"]
[WhiteElo "1979"]
[BlackElo "2074"]
[Opening "Petrov: Cochrane gambit"]
[ECO "C42"]
[NIC "RG.03"]
[Time "20:14:20"]
[TimeControl "180+0"]

1. e4 e5 2. Nf3 Nf6 3. Nxe5 d6 4. Nxf7 Kxf7 5. d4 c6 6. Nc3 d5 7. e5 Ne4 8.
Nxe4 dxe4 9. Bc4+ Be6 10. Bxe6+ Kxe6 11. Qg4+ Kf7 12. Qxe4 Qd5 13. Qf4+ Kg8
14. O-O Nd7 15. b3 Be7 16. c4 Qe6 17. Bb2 Rf8 18. Qe3 Rf5 19. f4 h5 20. Rad1
Nb6 21. Qe4 g6 22. d5 cxd5 23. cxd5 Bc5+ 24. Kh1 Qe8 25. d6 Rh7 26. b4 Bxd6
27. Rxd6 Rd7 28. Rfd1 Rxd6 29. Rxd6 Qb5 30. Rd8+ Kh7 31. Qxb7+ Nd7 32. Qxb5
Rxf4 33. Qxd7+ {Black forfeits on time} 1-0